 Dungeon Crawl Stone Soup version 0.28.0-43-g3370ac3207 (webtiles) character file.

Game seed: 2167436950591897790

0 pkoi the Changer (level 1, -2/9 HPs)
             Began as a Spriggan Transmuter on Mar 6, 2022.
             Slain by a quokka (3 damage)
             ... on level 1 of the Dungeon.
             The game lasted 00:00:24 (78 turns).

pkoi the Changer (Spriggan Transmuter)                Turns: 78, Time: 00:00:24

Health: -2/9       AC:  2    Str:  6    XL:     1   Next: 8%
Magic:  5/5        EV: 17    Int: 14    God:
Gold:   0          SH:  0    Dex: 15    Spells: 4/5 levels left

rFire   . . .      SeeInvis +     - Unarmed
rCold   . . .      Faith    .   (no shield)
rNeg    . . .      Spirit   .   a - +0 robe
rPois   .          Reflect  .   (helmet restricted)
rElec   .          Harm     .   (no cloak)
rCorr   .          Rampage  .   (gloves unavailable)
Will    .....                   (boots unavailable)
Stlth   +.........              (no amulet)
HPRegen 0.03/turn               (no ring)
MPRegen 0.09/turn               (no ring)

@: very quick
A: very small, no large weapons, unfitting armour, see invisible, speed 3
a: no special abilities


You were on level 1 of the Dungeon.
You visited 1 branch of the dungeon, and saw 1 of its levels.

Inventory:

Armour
 a - a +0 robe (worn)


   Skills:
 - Level 0.7 Fighting
 - Level 2.6 Dodging
 + Level 0.1 Stealth
 * Level 2.4 Unarmed Combat
 - Level 2.6 Spellcasting
 - Level 2.6 Transmutations


You had 4 spell levels left.
You knew the following spells:

 Your Spells              Type           Power      Damage    Failure   Level
a - Beastly Appendage     Tmut           18%        N/A       8%          1

Your spell library contained the following spells:

 Spells                   Type           Power      Damage    Failure   Level
 Wereblood                Tmut           9%         N/A       11%         2
 Spider Form              Tmut/Pois      5%         N/A       36%         3
 Ice Form                 Ice/Tmut       5%         N/A       77%         4


Dungeon Overview and Level Annotations

Branches:
Dungeon (1/15)

Altars:

Shops:
D:1 *


Innate Abilities, Weirdness & Mutations

You are very small and have problems with some larger weapons.
You are too small for most types of armour.
You have supernaturally acute eyesight. (SInv)
You cover ground extremely quickly. (Speed+++)


Message History

The quokka bites you.
* * * LOW HITPOINT WARNING * * *
The jackal closely misses you.
A ball python comes into view.
The ball python hisses angrily.
A kobold comes into view. It is wielding a +0 dagger.
You closely miss the quokka. The quokka misses you.
You closely miss the quokka. You punch the quokka.
The quokka is lightly wounded.
The ball python closely misses you. x2
The quokka twitches its whiskers.
The quokka closely misses you.
You hit the quokka but do no damage.
The quokka is lightly wounded.
The ball python bites you but does no damage.
The ball python misses you. The quokka closely misses you.
You hit the ball python but do no damage.
The ball python barely misses you. The ball python misses you.
The quokka closely misses you. The ball python bites you.
* * * LOW HITPOINT WARNING * * *
The ball python grabs you. The ball python constricts you.
* * * LOW HITPOINT WARNING * * *
You barely miss the ball python. The quokka bites you.
* * * LOW HITPOINT WARNING * * *
The ball python closely misses you. The ball python constricts you.
Unknown command.
You aren't carrying any potions.
You hit the ball python.
You kill the ball python!
The quokka barely misses you.
You hit the kobold but do no damage. The quokka misses you.
The kobold completely misses you. The quokka closely misses you.
You barely miss the kobold. Your punch misses the kobold.
The quokka closely misses you. The kobold barely misses you.
Unknown command.
You barely miss the kobold. Your punch misses the kobold.
The quokka closely misses you.
You barely miss the kobold. The kobold closely misses you.
The quokka bites you.
You die...

### # # ..# .#. #.# ...
#.###### #.# #.##...## #.#
#.#..#..# #K#
#...###.##### #@#
#.#..#....... #r#
#.##...#####. ##h##
#.#####...... ########.h.#
#............
.........#.###.#####.####.
g..>...........# #.# #.
#########.###### #.# #.
..... #####.####. #.#.....
...........


You could see a quokka, 2 jackals and a kobold.

Vanquished Creatures
  A ball python (D:1)
1 creature vanquished.

Notes
Turn   | Place    | Note
-------+----------+-------------------------------------------
     0 | D:1      | pkoi the Spriggan Transmuter began the quest for the Orb.
     0 | D:1      | Reached XP level 1. HP: 9/9 MP: 5/5
    23 | D:1      | Found Giziutauba's Assorted Antiques.
    78 | D:1      | Slain by a quokka

Illustrated notes

Levels and vault maps discovered:
D:1:      nicolae_arrival_somewhat_less_tricky_arrival, layout_loops_ring,
          serial_shops, shop, nicolae_lakefront_shop, shop, shop

Action                   || total
-------------------------++-------
Melee: Unarmed           ||    10
       Punch             ||     1
Armor: Robe              ||     1
Dodge: Dodged            ||    19
